 Dungeon Crawl Stone Soup version 0.18-a0-1782-gb76a692 (webtiles) character file.

172 Lovchig the Ducker (level 5, 0/46 HPs)
             Began as a Draconian Berserker on Apr 17, 2016.
             Was a Believer of Trog.
             Killed by nerve-wracking pain
             ... invoked by Grinder
              (8 damage)
             ... on level 5 of the Dungeon.
             The game lasted 00:11:36 (2003 turns).

Lovchig the Ducker (Draconian Berserker)            Turns: 2003, Time: 00:11:37

Health: 0/46       AC: 13    Str: 20    XL:     5   Next: 27%
Magic:  5/5        EV: 13    Int:  8    God:    Trog [**....]
Gold:   140        SH:  0    Dex: 10    Spells: 0 memorised, 4 levels left

rFire  . . .     SeeInvis .     a - +0 mace
rCold  . . .     Gourm    .     (armour unavailable)
rNeg   + . .     Faith    .     (no shield)
rPois  .         Spirit   .     (helmet restricted)
rElec  .         Dismiss  .     (no cloak)
rCorr  .         Reflect  .     p - +0 pair of gloves
SustAt .         Harm     .     c - +0 pair of boots
MR     .....                    (no amulet)
Stlth  +.........               k - ring of positive energy
                                f - +6 ring of protection

@: lethally poisoned (0 -> -2), not resistant to hostile enchantments, very
unstealthy
A: unfitting armour, cold-blooded, AC +5
a: Berserk, Trog's Hand, Burn Spellbooks, Renounce Religion


You were on level 5 of the Dungeon.
You worshipped Trog.
Trog was pleased with you.
You were not hungry.

You visited 1 branch of the dungeon, and saw 4 of its levels.

You collected 140 gold pieces.

Inventory:

Hand Weapons
 a - a +0 mace (weapon)
 n - a +1 short sword of protection
Armour
 c - a +0 pair of boots (worn)
 p - a +0 pair of gloves (worn)
Jewellery
 f - a +6 ring of protection (left hand)
 k - a ring of positive energy (right hand)
Scrolls
 d - a scroll of magic mapping {unknown}
 g - 2 scrolls of remove curse {unknown}
 h - a scroll of recharging {unknown}
 l - 4 scrolls of identify {unknown}
Potions
 e - 2 potions of lignification {unknown}
 i - a potion of mutation {unknown}
 o - a potion of cancellation {unknown}
Books
 m - a book of Fire

   Spells                             Type                      Level
   a - Ignite Poison                  Fire/Transmutation/Poison    3
   b - Fireball                       Conjuration/Fire             5
   c - Bolt of Fire                   Conjuration/Fire             6
   d - Delayed Fireball               Conjuration/Fire             7
   e - Ring of Flames                 Charms/Fire                  7
   Trog disapproves of the use of such an item.
Comestibles
 b - 2 bread rations
 j - 2 meat rations


   Skills:
 * Level 4.1 Fighting
 * Level 3.7 Maces & Flails
 * Level 4.3 Dodging
 * Level 1.4 Stealth


You had 4 spell levels left.
You didn't know any spells.

Dungeon Overview and Level Annotations

Branches:
Dungeon (3/15)

Altars:
Dithmenos
Gozag
Kikubaaqudgha
Trog
Yredelemnul
The Shining One

Annotations:
D:5 Grinder


Innate Abilities, Weirdness & Mutations

Your plain brown scales are hard (AC +5).
Your body does not fit into most forms of armour.
You are cold-blooded and may be slowed by cold attacks.


Message History

You feel sick.
The giant frog skeleton hits you but does no damage.
The worker ant bites you but does no damage.
Grinder barely misses you. The worker ant barely misses you.
You feel sick.
The giant frog skeleton closely misses you.
Grinder blinks!
You feel sick.
The giant frog skeleton hits you but does no damage.
Grinder gestures at you. Pain shoots through your body!
* * * LOW HITPOINT WARNING * * *
The worker ant closely misses you. The giant frog skeleton misses you.
You feel sick.
The giant frog skeleton barely misses you.
The worker ant misses you. Grinder hits you.
* * * LOW HITPOINT WARNING * * *
Grinder gestures at you. Pain shoots through your body!
You die...

.#.#.#.#.#####
#.# #.#.#
..#.⌠.#..#
..#.##.# #?#.#
.#.#.#.#.#
......###...#
#.⌠.#.⌠.##
#.##..##..#
##.....##
#..#......#
##'''####
#........#
#...##.#
##a...#..######
#......#
###Z5#.........#
######.##
##..@.####..###.#
#..###....## ###
##......>.##
##..........##
#....(.[.....#
##............#
###...).........#
#...#..........##
######...##...##


You could see Grinder, a worker ant and a giant frog skeleton.

Vanquished Creatures
  2 vampire bats (D:5)
  A hound (D:5)
  An adder (D:3)
  A worm (D:2)
  A giant gecko (D:5)
  2 orcs
  4 bat skeletons (D:5)
  A bat zombie (D:5)
  3 giant cockroaches
  7 goblins
  4 hobgoblins
  A ball python (D:2)
  9 bats
  6 giant newts
  5 kobolds
  3 rats
51 creatures vanquished.

Notes
Turn   | Place    | Note
--------------------------------------------------------------
     0 | D:1      | Lovchig the Draconian Berserker began the quest for the Orb.
     0 | D:1      | Reached XP level 1. HP: 19/19 MP: 1/1
   375 | D:1      | Reached XP level 2. HP: 25/26 MP: 2/2
   877 | D:2      | Found a basalt altar of Yredelemnul.
   918 | D:2      | Reached ** piety under Trog
  1127 | D:2      | Reached XP level 3. HP: 31/33 MP: 3/3
  1164 | D:2      | Found an opulent altar of Gozag.
  1164 | D:2      | Found a glowing golden altar of the Shining One.
  1164 | D:2      | Found a bloodstained altar of Trog.
  1164 | D:2      | Found a shadowy altar of Dithmenos.
  1438 | D:2      | Found a glowing golden altar of the Shining One.
  1822 | D:3      | You fall through a shaft for 2 floors!
  1822 | D:5      | Entered Level 5 of the Dungeon
  1912 | D:5      | Found an ancient bone altar of Kikubaaqudgha.
  1928 | D:5      | Reached skill level 1 in Stealth
  1928 | D:5      | Reached XP level 4. HP: 40/40 MP: 4/4
  1942 | D:5      | Reached XP level 5. HP: 46/46 MP: 5/5
  1988 | D:5      | Noticed Grinder
  2003 | D:5      | Killed from afar by Grinder

Vault maps used:
D:1:      lightli_iron_boxes
D:2:      yredelemnul_altar_generic, minitemple, first_bread, tso_altar
D:3:      ashenzari_altar_1, uniq_terence, uniq_robin, uniq_iyjb
D:5:      kennysheep_vampire_church, tgw_xom, uniq_grinder

Skill      XL: |  1  2  3  4 |
---------------+-------------+-----
Dodging        | 3 4 |  4.3
Fighting       | 4 |  4.1
Stealth        | 1 |  1.4
Maces & Flails | |  3.7

Action                   |  1- 3 |  4- 6 || total
-------------------------+-------+-------++-------
Melee: Mace              |   154 |    20 ||   174
       Tailslap          |    16 |     2 ||    18
 Stab: Sleeping          |     1 |       ||     1
  Eat: Bread ration      |     1 |       ||     1
Armor: Skin              |    90 |    19 ||   109
Dodge: Dodged            |   158 |    29 ||   187
